Map: Blackpink LE

Players

Elazer

  • Race: Zerg Zerg
  • League: Master
  • Spawn Location: 1:00

Stephano - Winner!

  • Race: Zerg Zerg
  • League: Grandmaster
  • Spawn Location: 7:00

Event: HomeStory Cup XVI

VOD

Have the link to the VOD?

Description

Time

  • Played on: Nov. 9, 2017, 6:57 a.m.
  • Length: 6:46

All games in this series

Show
View Real Time Build Order
Export as new Build Order

Elazer Zerg 

Build Orders: Hatch First 

Get SALT Encoding   

  12  0:00  Drone  
  13  0:12  Overlord  
  13  0:17  Drone  
  14  0:30  Drone x2  
  14  0:34  Drone  
  17  0:51  Hatchery  
  17  0:53  Drone  
  17  0:57  Drone  
  18  1:09  Extractor  
  17  1:12  Spawning Pool  
  17  1:15  Drone  
  17  1:18  Drone  
  18  1:28  Drone  
  19  1:40  Overlord  
  19  1:50  Drone  
  20  1:58  Queen  
  20  2:00  Zergling x2  
  23  2:02  Queen  
  23  2:03  Zergling x2  
  23  2:08  Metabolic Boost  
  26  2:11  Drone  
  26  2:13  Drone  
  28  2:24  Drone  
  28  2:25  Drone  
  30  2:40  Drone, Hatchery  
  30  2:41  Drone  
  31  2:49  Baneling Nest  
  30  2:54  Zergling x2  
  30  2:58  Overlord  
  31  2:59  Zergling x2  
  31  3:03  Drone  
  33  3:06  Drone  
  33  3:08  Drone  
  33  3:09  Drone  
  36  3:12  Overlord  
  36  3:20  Queen  
  36  3:26  Overlord  
  38  3:34  Baneling x2, Zergling x4  
  38  3:38  Overlord  
  38  3:39  Drone x2  
  38  3:41  Drone  
  43  3:43  Baneling x2  
  43  3:46  Zergling x4  
  43  3:49  Overlord  
  42  3:57  Drone x2  
  42  4:01  Queen  
  46  4:07  Drone  
  46  4:08  Drone  
  48  4:10  Drone  
  48  4:11  Drone  
  48  4:12  Drone  
  48  4:13  Drone  
  51  4:17  Drone x2  
  51  4:20  Drone  
  51  4:21  Drone  
  55  4:27  Overlord  
  55  4:31  Overlord  
  55  4:34  Extractor  
  55  4:36  Extractor  
  53  4:39  Evolution Chamber  
  53  4:40  Drone, Roach Warren  
  53  4:41  Drone  
  53  4:44  Drone  
  54  4:47  Drone x2  
  54  4:52  Baneling x2  
  55  4:54  Drone x2  
  55  4:55  Drone  
  55  4:59  Zergling x6  
  60  5:06  Baneling x2  
  60  5:07  Zergling x2  
  60  5:08  Zergling x4  
  62  5:21  Roach x5  
  69  5:33  Roach x3  
  70  5:36  Roach  
  72  5:44  Queen  
  72  5:45  Overlord  
  72  5:46  Roach x2  
  72  5:49  Roach  
  80  5:56  Overlord  
  80  5:59  Queen  
  83  6:04  Roach x4  
  83  6:10  Roach  
  88  6:14  Roach  
  88  6:17  Roach x3  
  88  6:18  Zergling x6  
  93  6:25  Roach x2  
Show
View Real Time Build Order
Export as new Build Order

Stephano Zerg - Winner!

Build Orders: Hatch First 

Get SALT Encoding   

  12  0:00  Drone  
  13  0:12  Overlord  
  13  0:17  Drone  
  14  0:30  Drone  
  14  0:31  Drone  
  14  0:34  Drone  
  17  0:52  Hatchery  
  17  0:54  Drone  
  17  0:58  Drone  
  18  1:08  Extractor  
  17  1:12  Spawning Pool  
  17  1:15  Drone  
  17  1:18  Drone  
  18  1:28  Drone  
  19  1:39  Overlord  
  19  1:59  Queen, Zergling x2  
  19  2:01  Zergling x2  
  23  2:04  Queen, Zergling x2  
  26  2:09  Metabolic Boost  
  26  2:13  Drone  
  27  2:16  Drone  
  28  2:23  Drone  
  29  2:30  Drone  
  29  2:33  Drone  
  29  2:35  Queen  
  33  2:39  Drone  
  34  2:49  Hatchery  
  33  2:53  Overlord  
  33  2:57  Drone  
  34  3:06  Baneling Nest  
  34  3:10  Drone x2  
  34  3:13  Drone  
  34  3:17  Zergling x4  
  37  3:21  Zergling x6  
  37  3:26  Drone  
  41  3:32  Overlord  
  41  3:33  Drone x2  
  43  3:40  Overlord  
  43  3:45  Drone  
  43  3:50  Drone  
  43  3:55  Baneling x3  
  43  3:57  Drone  
  43  4:00  Drone  
  43  4:03  Drone  
  43  4:05  Drone x3  
  48  4:10  Zergling x2  
  48  4:14  Zergling x2  
  49  4:18  Extractor  
  49  4:20  Zergling x4  
  49  4:21  Roach Warren  
  49  4:31  Zergling x16  
  55  4:48  Overlord  
  55  4:55  Overlord  
  55  5:03  Roach x5  
  64  5:07  Roach x6  
  64  5:11  Baneling x2  
  64  5:13  Roach  
  74  5:20  Overlord  
  73  5:23  Roach  
  73  5:24  Roach x2, Overlord  
  75  5:36  Overlord  
  75  5:39  Zergling x10  
  75  5:40  Zergling x6  
  83  5:43  Zergling x4  
  83  5:47  Zergling x2  
  86  5:51  Zergling x6  
  86  5:52  Zergling x2  
  86  5:55  Zergling x4  
  92  6:03  Zergling x2  
  90  6:11  Zergling x10  
  89  6:24  Zergling x2  
  89  6:25  Zergling x14  
  93  6:26  Baneling x4  
Tags
 
Add a new tag
Caveats
  • Supply blocks, unpowered buildings, or Contaminate may cause inaccurate times.
  • Supply counts are checked every 10 seconds.